 Dungeon Crawl Stone Soup version 0.28.0-45-g0d030f2227 (webtiles) character file.

Game seed: 17020199574352698233

73523 zeratav the Black Belt (level 15, -1/134 HPs)
             Began as an Octopode Transmuter on Apr 14, 2022.
             Was an Elder of Ashenzari.
             Slain by Snorg (6 damage)
             ... on level 13 of the Dungeon.
             The game lasted 01:34:16 (24830 turns).

zeratav the Black Belt (Octopode Transmuter)       Turns: 24830, Time: 01:34:17

Health: -1/134     AC: 16    Str:  9    XL:     15   Next: 43%
Magic:  15/20      EV: 19    Int: 23    God:    Ashenzari [****..]
Gold:   1529       SH:  0    Dex: 19    Spells: 8/21 levels left

rFire   + . .      SeeInvis +     - Unarmed
rCold   + + +      Faith    .   (shield currently unavailable)
rNeg    + + .      Spirit   .   (helmet currently unavailable)
rPois   +          Reflect  .   A - amulet of the Restrained Sage {Regen+, @e2, Melee, Cun} (curse)
rElec   .          Harm     .   f - ring "Evening Star of the Sky" {AC+4, Cun, Melee} (curse)
rCorr   .          Rampage  .   d - ring of the Eternal Stickiness {rN+, Self, Elem} (curse)
Will    ++...      Clarity  +   u - ring "Share My Anxiety" {rF+, Alch, Melee} (curse)
Stlth   ++++++....              y - ring of the Sidereal Paranoia {Int+6, Melee, Bglg} (curse)
HPRegen 1.12/turn               E - ring of Supernal Wisdom {rF+, Cun, Melee} (curse)
MPRegen 0.17/turn               R - ring of flight
                                o - ring of willpower
                                O - ring of positive energy

@: ice-form, flying, studying Fighting
A: freezing attack, boosted hp, almost no armour, amphibious, 8 rings, large,
(camouflage 1), (gelatinous body 1), (nimble swimmer 1), (tentacles)
a: End Transformation, Renounce Religion, Curse Item, Shatter the Chains


You were on level 13 of the Dungeon.
You worshipped Ashenzari.
Ashenzari was greatly pleased with you.
You were a creature of crystalline ice.
You visited 4 branches of the dungeon, and saw 21 of its levels.
You also visited: Ice Cave.

You collected 2729 gold pieces.
You spent 1200 gold pieces at shops.


Innate Abilities, Weirdness & Mutations

You are a creature of crystalline ice.
You have a powerful freezing melee attack.
Your maximum health is increased.
Your armour is entirely melded.
You are incapable of wielding weapons or throwing items.
You cannot wear most types of armour.
You are amphibious.
You can wear up to eight rings at the same time.
((Your skin changes colour to match your surroundings (Stealth+).))
((Your rubbery body absorbs attacks. (AC +1, EV +1)))
((You are camouflaged when in or above water. (Stealth+)))
((You have tentacles for arms and can constrict up to eight enemies at once.))


   Skills:
 + Level 11.7(13.6) Fighting
 + Level 11.5(15.4) Dodging
 - Level 9.1(13.0) Stealth
 + Level 0.0 Shields
 * Level 16.1(21.5) Unarmed Combat
 - Level 2.0(3.5) Spellcasting
 + Level 0.0(0.2) Conjurations
 + Level 3.7 Necromancy
 * Level 11.3(13.2) Transmutations
 - Level 7.9(10.0) Ice Magic


You had 8 spell levels left.
You knew the following spells:

 Your Spells              Type           Power      Damage    Failure   Level
a - Vampiric Draining     Necr           21%        2d7       8%          3
b - Spider Form           Tmut/Pois      35%        N/A       1%          3
c - Ice Form              Ice/Tmut       55%        N/A       1%          4
d - Ozocubu's Armour      Ice            50%        N/A       1%          3

Your spell library contained the following spells:

 Spells                   Type           Power      Damage    Failure   Level
 Beastly Appendage        Tmut           100%       N/A       1%          1
 Wereblood                Tmut           60%        N/A       1%          2
 Blade Hands              Tmut           30%        N/A       1%          5
 Animate Skeleton         Necr           42%        N/A       2%          1
 Apportation              Tloc           10%        N/A       10%         1
 Slow                     Hex            20%        N/A       10%         1
 Summon Small Mammal      Summ           16%        N/A       11%         1
 Hailstorm                Conj/Ice       27%        3d7       14%         4
 Irradiate                Conj/Tmut      17%        3d19      19%         5
 Confusing Touch          Hex            5%         N/A       30%         3
 Lesser Beckoning         Tloc           5%         N/A       30%         3
 Portal Projectile        Hex/Tloc       10%        N/A       30%         3
 Tukima's Dance           Hex            5%         N/A       30%         3
 Dragon Form              Tmut           30%        N/A       38%         7
 Anguish                  Hex/Necr       6%         N/A       43%         4
 Excruciating Wounds      Necr           10%        N/A       56%         5
 Simulacrum               Ice/Necr       17%        N/A       71%         6
 Ozocubu's Refrigeration  Ice            25%        4d10      83%         7
 Iskenderun's Battlesphe  Conj           5%         2d6       95%         5
 Iron Shot                Conj/Erth      2%         9d2       100%        6
 Enfeeble                 Hex            2%         N/A       100%        7
 Malign Gateway           Summ/Tloc      2%         N/A       100%        7
 Spellforged Servitor     Conj/Summ      2%         N/A       100%        7

Inventory:

Hand Weapons
 t - the cursed +3 flail "Shackled With Me" (melded) {protect, mace, Alch, Bglg}
   (You took it off Edmund on level 6 of the Dungeon)

   It grants its wielder temporary protection when it strikes (+7 to AC).
   It has a curse which improves the following skills: Alchemy: Poison Magic and
   Transmutations.
   Beguiling: Conjurations, Hexes and Translocations.
 Q - the +6 quarterstaff of the Hand {antimagic, Str+4 Stlth+, staff}
   (You found it on level 5 of the Lair of Beasts)

   It reduces the magical energy of the wielder, and disrupts the spells and
   magical abilities of those it strikes.
   Natural abilities and divine invocations are not affected.
   Str:       It affects your strength (+4).
   Stlth:     It makes you more stealthy.
Armour
 c - a +0 hat of see invisible
   (You took it off Gastronok on level 1 of the Orcish Mines)
 M - the +3 crown of Dyrovepreva (melded) {rElec Int+2 SInv}
   (You found it on level 4 of the Lair of Beasts)

   Int:       It affects your intelligence (+2).
   rElec:     It insulates you from electricity.
   SInv:      It lets you see invisible.
 W - a +0 buckler
   (You took it off a tengu warrior on level 12 of the Dungeon)
Jewellery
 d - the cursed ring of the Eternal Stickiness (right front paw) {rN+, Self, Elem}
   (You took it off an orc on level 5 of the Dungeon)

   [ring of positive energy]

   rN:        It protects you from negative energy.
   It has a curse which improves the following skills: Introspection: Fighting
   and Spellcasting.
   Elements:  Fire Magic, Ice Magic, Air Magic and Earth Magic.
 f - the cursed ring "Evening Star of the Sky" (left front paw) {AC+4, Cun, Melee}
   (You found it on level 2 of the Dungeon)

   [ring of protection]

   AC:        It affects your AC (+4).
   It has a curse which improves the following skills: Cunning: Dodging and
   Stealth.
   Melee Combat: Short Blades, Long Blades, Axes, Maces & Flails, Polearms,
   Staves and Unarmed Combat.
 o - a ring of willpower (on tentacle)
   (You found it on level 12 of the Dungeon)
 u - the cursed ring "Share My Anxiety" (on tentacle) {rF+, Alch, Melee}
   (You found it on level 6 of the Dungeon)

   [ring of protection from fire]

   rF:        It protects you from fire.
   It has a curse which improves the following skills: Alchemy: Poison Magic and
   Transmutations.
   Melee Combat: Short Blades, Long Blades, Axes, Maces & Flails, Polearms,
   Staves and Unarmed Combat.
 v - a ring of ice
   (You found it on level 12 of the Dungeon)
 y - the cursed ring of the Sidereal Paranoia (on tentacle) {Int+6, Melee, Bglg}
   (You found it on level 7 of the Dungeon)

   [ring of intelligence]

   Int:       It affects your intelligence (+6).
   It has a curse which improves the following skills: Melee Combat: Short
   Blades, Long Blades, Axes, Maces & Flails, Polearms, Staves and Unarmed
   Combat.
   Beguiling: Conjurations, Hexes and Translocations.
 A - the cursed amulet of the Restrained Sage (around neck) {Regen+, @e2, Melee, Cun}
   (You found it on level 8 of the Dungeon)

   [amulet of regeneration]

   Regen:     It increases your rate of health regeneration.
   It has a curse which improves the following skills: Melee Combat: Short
   Blades, Long Blades, Axes, Maces & Flails, Polearms, Staves and Unarmed
   Combat.
   Cunning:   Dodging and Stealth.
 E - the cursed ring of Supernal Wisdom (on tentacle) {rF+, Cun, Melee}
   (You found it on level 9 of the Dungeon)

   [ring of protection from fire]

   rF:        It protects you from fire.
   It has a curse which improves the following skills: Cunning: Dodging and
   Stealth.
   Melee Combat: Short Blades, Long Blades, Axes, Maces & Flails, Polearms,
   Staves and Unarmed Combat.
 J - an amulet of the acrobat
   (You found it on level 3 of the Lair of Beasts)
 O - a ring of positive energy (on tentacle)
   (You found it on level 13 of the Dungeon)
 R - a ring of flight (on tentacle)
   (You found it on level 11 of the Dungeon)
Wands
 b - a wand of paralysis (5)
   (You took it off Harold on level 1 of the Orcish Mines)
 h - a wand of acid (19)
   (You found it on level 4 of the Dungeon)
 n - a wand of iceblast (42)
   (You found it on level 5 of the Dungeon)
 w - a wand of flame (33)
   (You found it on level 7 of the Dungeon)
 S - a wand of mindburst (6)
   (You found it in an ice cave)
 V - a wand of digging (4)
   (You found it on level 11 of the Dungeon)
Scrolls
 g - 4 scrolls of vulnerability {!r!r}
 k - 2 scrolls of enchant weapon
 l - 5 scrolls of amnesia
 q - 4 scrolls of brand weapon
 r - a scroll of enchant armour
 z - a scroll of magic mapping {!r}
 D - 4 scrolls of teleportation {@r4}
 F - 2 scrolls of fog
 H - 2 scrolls of immolation {!r!r}
 I - a scroll of silence {!r}
 K - 2 scrolls of fear
Potions
 a - 3 potions of berserk rage {!q}
 e - 3 potions of might
 i - 6 potions of brilliance
 j - a potion of attraction {!q}
 m - 4 potions of lignification {!q}
 p - 2 potions of haste {@q3}
 s - 7 potions of curing {@q1}
 B - 5 potions of mutation {!q}
 C - 2 potions of flight
 G - a potion of ambrosia
 P - a potion of resistance
 T - 2 potions of invisibility
 U - a potion of cancellation
Miscellaneous
 x - a phial of floods
   (You found it on level 12 of the Dungeon)
 L - a phantom mirror
   (You found it on level 3 of the Lair of Beasts)
 N - a condenser vane
   (You found it on level 4 of the Lair of Beasts)

Dungeon Overview and Level Annotations

Branches:
Dungeon (13/15)            Temple (1/1) D:7            Lair (5/6) D:8
 Shoals (0/4) Lair:3        Snake (0/4) Lair:3        Slime (0/5) Lair:5
    Orc (2/2) D:11            Elf (0/3) Orc:2         IceCv (visited)
 Vaults: D:13-14

Altars:
Ashenzari
Elyvilon
Gozag
Kikubaaqudgha
Makhleb
Nemelex Xobeh
Okawaru
Qazlal
Trog
Uskayaw
Vehumet
Beogh
Jiyva

Shops:
Orc:2 :*[(

Portals:
Trove: D:11 (give 14 scrolls of teleportation)

Annotations:
D:13 Snorg
Lair:5 2 transporters, Rupert; Vizrt's ghost, journeyman DjIE

* #.........# ##..#
#.c.......# ##..#
#.........# ##..# *
#####.........#####..#
,.....................#
* .....................#
*
***####.§.......#####..#
##§T.......# ##..# , *
##Y§§......# ##..#
##§§.......# ##..#
##§§.......# ##..# ,
#.........# ##..# ***
*#.........#####..# ,
.................# ,
.................# * * *
#.........#####..# , ..
##..#


You could see Snorg (berserk) and a centaur warrior.


Message History

The cursed +3 flail "Shackled With Me" {protect, mace, Alch, Bglg} hums with potential!
You see here a scroll of identify {@r1}.
Things that are here:
a +0 buckler; a +0 leather armour; a +0 war axe {axe} HP[-22]
You now have 112 max hp (-22).
W - a +0 buckler
Okay, then.
(D) Dungeon (T) Temple (L) Lair (A) Shoals (P) Snake Pit (M) Slime Pits (O) Orcish Mines (E) Elven Halls
Where to? (Enter - D:12 @ (x,y), ? - help)
There is a stone staircase leading up here.
You fly upwards.
There is a stone staircase leading down here.
(D) Dungeon (T) Temple (L) Lair (A) Shoals (P) Snake Pit (M) Slime Pits (O) Orcish Mines (E) Elven Halls
Where to? (Enter - D:11, ? - help)
You fly downwards.
There is a stone staircase leading up here.
(D) Dungeon (T) Temple (L) Lair (A) Shoals (P) Snake Pit (M) Slime Pits (O) Orcish Mines (E) Elven Halls
Where to? (Enter - D:12, ? - help)
There is a stone staircase leading down here.
You fly downwards.
There is a stone staircase leading up here.
Snorg is nearby!
Casting: Ice Form (mildly dangerous; 1% risk of failure)
Confirm with . or Enter, or press ? or * to list all spells.
You turn into a creature of crystalline ice.
The cursed +3 flail "Shackled With Me" {protect, mace, Alch, Bglg} melds into your body.
The +3 crown of Dyrovepreva {rElec Int+2 SInv} melds into your body.
The cursed +3 flail "Shackled With Me" {protect, mace, Alch, Bglg} goes still.
HP[+22] MP[-4]
You now have 134 max hp (+22).
Your hp is fully restored (134).
You lost 4 mp, and now have 16/20 mp.
Snorg shouts!
You hear a shout!
A centaur warrior comes into view.
The centaur warrior wields a +0 longbow.
The centaur warrior shoots an arrow.
The arrow closely misses you.
Snorg goes berserk!
You hit Snorg but do no damage.
The centaur warrior shoots an arrow.
The arrow hits you!! Snorg misses you. Snorg claws you but does no damage.
Snorg closely misses you.
HP[-18]
You take 18 damage, and now have 116/134 hp.
You hit Snorg. You freeze Snorg.
The centaur warrior shoots an arrow.
The arrow hits you! Snorg bites you but does no damage.
Snorg closely misses you. Snorg claws you!
HP[-27]
You take 27 damage, and now have 89/134 hp.
MASSIVE DAMAGE!! (PAUSE)
Casting: Ice Form (mildly dangerous; 1% risk of failure)
Confirm with . or Enter, or press ? or * to list all spells.
Your icy body feels more resilient.
The centaur warrior shoots an arrow.
The arrow hits you!!
* * * LOW HITPOINT WARNING * * *
Snorg completely misses you. Snorg misses you. Snorg closely misses you.
HP[-26] MP[-2]
You take 26 damage, and now have 63/134 hp.
You lost 2 mp, and now have 14/20 mp.
You squash Snorg like an ant!!!
You freeze Snorg!!
The centaur warrior shoots an arrow.
The arrow hits you!
* * * LOW HITPOINT WARNING * * *
Snorg closely misses you. Snorg barely misses you. x2
HP[-15]
You take 15 damage, and now have 48/134 hp.
You hit Snorg. You freeze Snorg.
The centaur warrior shoots an arrow.
The arrow hits you but does no damage. Snorg closely misses you. x2
Snorg claws you.
* * * LOW HITPOINT WARNING * * *
HP[-1]
You take 1 damage, and now have 47/134 hp.
You barely miss Snorg.
The centaur warrior shoots an arrow.
The arrow hits you but does no damage. Snorg misses you. x2; Snorg claws you.
* * * LOW HITPOINT WARNING * * *
HP[-4]
You take 4 damage, and now have 43/134 hp.
Your icy armour will break if you move.
Continue?
Your icy armour cracks and falls away as you move.
The centaur warrior shoots an arrow.
The arrow hits you.
* * * LOW HITPOINT WARNING * * *
The centaur warrior shoots an arrow.
The arrow closely misses you.
Snorg rages.
Snorg bites you!
* * * LOW HITPOINT WARNING * * *
Snorg claws you.
* * * LOW HITPOINT WARNING * * *
Snorg misses you.
HP[-18]
You take 18 damage, and now have 25/134 hp.
The centaur warrior shoots an arrow.
The arrow hits you!
* * * LOW HITPOINT WARNING * * *
There is a stone staircase leading up here.
HP[-10]
You take 10 damage, and now have 15/134 hp.
As you read the scroll of fog, it crumbles to dust.
The scroll dissolves into smoke.
Snorg bites you!
* * * LOW HITPOINT WARNING * * *
Snorg claws you.
You die...

Skill      XL: |  1  2  3  4  5  6  7  8  9 10 11 12 13 14 15 |
---------------+----------------------------------------------+-----
Stealth        | 1 2 3 4 5 6 8 9 |  9.1
Fighting       | 2 3 4 5 6 8 9 10 11 | 11.7
Unarmed Combat | 4 5 6 7 9 10 11 13 14 15 16 | 16.1
Dodging        | 3 4 5 6 7 8 9 10 11 | 11.5
Ice Magic      | 2 4 5 6 7 |  7.9
Transmutations | 3 5 6 7 8 9 10 11 | 11.3
Necromancy     | 2 3 |  3.7
Spellcasting   | |  2.0

Action                   |  1- 3 |  4- 6 |  7- 9 | 10-12 | 13-15 || total
-------------------------+-------+-------+-------+-------+-------++-------
Melee: Unarmed           |    93 |   106 |   309 |   418 |   928 ||  1854
       Kick              |    32 |    17 |       |     2 |       ||    51
       Constrict         |    25 |    18 |    10 |     1 |     2 ||    56
       Tentacles         |    11 |    15 |    13 |     2 |     2 ||    43
       Punch             |     4 |     6 |     3 |     1 |     2 ||    16
       Flail             |       |       |    14 |     9 |     7 ||    30
 Cast: Beastly Appendage |    24 |    11 |     1 |     1 |     1 ||    38
       Spider Form       |       |     9 |    37 |     8 |       ||    54
       Ice Form          |       |       |       |    34 |    79 ||   113
       Ozocubu's Armour  |       |       |       |       |    22 ||    22
       Vampiric Draining |       |       |       |       |     1 ||     1
Invok: Curse Item        |       |       |     2 |     4 |     1 ||     7
 Abil: End Transformatio |       |       |       |       |     1 ||     1
Evoke: Wand              |       |       |       |       |     1 ||     1
  Use: Scroll            |       |     4 |     5 |     1 |     4 ||    14
       Potion            |       |       |     1 |     2 |     1 ||     4
 Stab: Sleeping          |     6 |     5 |     5 |     6 |    11 ||    33
       Distracted        |       |       |     1 |     1 |     1 ||     3
       Petrified         |       |       |       |       |     1 ||     1
Armor: Skin              |     8 |    19 |    46 |   149 |   272 ||   494
Dodge: Dodged            |    58 |    61 |   316 |   303 |   737 ||  1475

Levels and vault maps discovered:
D:1:      sevenhm_arrival_forest_fort_large_4, layout_loops_cross,
          shapermc_ecumenical_altar_gd
D:2:      layout_loops_cross, amcnicky_mini_pool_small, guppyfry_early_orc_mine
D:3:      layout_loops_ring, lemuel_coloured_pillars_altar, uniq_robin
D:4:      layout_loops_ring, tgw_kikubaaqudgha
D:5:      layout_layer_cave, amcnicky_altar_gilded,
          minmay_overflow_temple_star_quad, cheibrodos_ashenzari_chains,
          minmay_circle_x
D:6:      layout_basic, uniq_edmund
D:7:      layout_basic, minmay_temple_entry_grid
D:8:      layout_loops_corners, okawaru_trees_1, david_lair_shrubbed,
          chequers_hall_statues_wall_a, lightli_corner_chamber, uniq_pikel
D:9:      layout_gridville, kennysheep_mini_moat, nrook_campfire, minivault_12
D:10:     layout_long_grid
D:11:     wander_kiku_kobolds, layout_gridville, orc_0_dummy, enter_trove_3,
          portal_ice_cave_entry_ice_simulacra
D:12:     layout_long_grid
D:13:     layout_small_grid, nicolae_gozag_seed_capital, uniq_snorg, uniq_nessos
Temple:   cyrus_circular_temple
Lair:1:   layout_long_grid, chequers_serial_rivers_large_a, uniq_erica
Lair:2:   layout_small_grid, fungi_pond_lemuel, uniq_urug
Lair:3:   layout_loops_ring, elwin_shoals_entry_stream,
          minmay_snake_entry_guardpost_small, bobbens_dragon_lair_wall,
          grunt_megastairs_3, infiniplex_staircase_pool, uniq_fannar,
          uniq_prince_ribbit2
Lair:4:   layout_misc_corridors
Lair:5:   layout_loops_ring, slime_altar_1, gammafunk_ghost_wrathful_warriors,
          nicolae_lair_yak_garden, uniq_rupert
Orc:1:    layout_diamond_mine, uniq_gastronok, uniq_harold
Orc:2:    grunt_orc_cross, layout_caves

Notes
Turn   | Place    | Note
-------+----------+-------------------------------------------
     0 | D:1      | zeratav the Octopode Transmuter began the quest for the
                  | Orb.
     0 | D:1      | Reached XP level 1. HP: 13/13 MP: 3/3
     0 | D:1      | magus.rc [v1.9.6]
   347 | D:1      | Reached XP level 2. HP: 18/18 MP: 3/5
   353 | D:1      | Reached skill level 1 in Stealth
   424 | D:1      | You pick up a book of Debilitation and begin reading...
   424 | D:1      | You add the spells Slow, Vampiric Draining and Confusing
                  | Touch to your library.
  1084 | D:1      | Reached XP level 3. HP: 20/23 MP: 6/6
  1216 | D:1      | Found a faded altar of an unknown god.
  1474 | D:2      | You add the spells Portal Projectile, Lesser Beckoning and
                  | Malign Gateway to your library.
  1474 | D:2      | Got Sif Muna's Grimoire of the Traveller
  2543 | D:3      | Reached XP level 4. HP: 25/29 MP: 7/7
  2633 | D:3      | Reached skill level 2 in Fighting
  2633 | D:3      | Reached skill level 2 in Stealth
  2633 | D:3      | Reached skill level 4 in Unarmed Combat
  2823 | D:3      | Noticed Robin
  2846 | D:3      | Killed Robin
  2857 | D:3      | Reached XP level 5. HP: 10/34 MP: 8/8
  3256 | D:3      | You pick up a book of Power and begin reading...
  3256 | D:3      | You add the spells Iskenderun's Battlesphere, Iron Shot and
                  | Spellforged Servitor to your library.
  3285 | D:3      | HP: 5/34 [wyvern zombie (4)]
  3287 | D:3      | Reached skill level 3 in Dodging
  3287 | D:3      | Reached skill level 3 in Stealth
  3689 | D:3      | Learned a level 3 spell: Spider Form
  3749 | D:3      | Found a hide-covered altar of Uskayaw.
  4013 | D:4      | Noticed a hornet
  4101 | D:4      | Reached XP level 6. HP: 25/41 MP: 5/9
  4106 | D:4      | HP: 9/41 [poisoned by a scorpion]
  4111 | D:4      | HP: 5/41 [poisoned by a scorpion]
  4611 | D:4      | Reached skill level 5 in Unarmed Combat
  4749 | D:4      | You pick up a book of Weapons and begin reading...
  4749 | D:4      | You add the spells Excruciating Wounds and Blade Hands to
                  | your library.
  5069 | D:4      | You fall into a shaft and drop 1 floor!
  5069 | D:5      | Entered Level 5 of the Dungeon
  5078 | D:5      | Noticed an orc warrior
  5082 | D:5      | Reached skill level 3 in Fighting
  5137 | D:5      | Reached skill level 4 in Stealth
  5173 | D:5      | Reached XP level 7. HP: 22/46 MP: 6/10
  5388 | D:5      | Reached skill level 4 in Dodging
  5393 | D:5      | Reached skill level 6 in Unarmed Combat
  5817 | D:5      | Found a stormy altar of Qazlal.
  6197 | D:5      | Found a broken altar of Ashenzari.
  6207 | D:5      | Became a worshipper of Ashenzari the Shackled
  6298 | D:5      | Reached skill level 5 in Stealth
  6504 | D:4      | Found an ancient bone altar of Kikubaaqudgha.
  6505 | D:4      | Noticed a human
  6507 | D:4      | Killed a human
  6891 | D:6      | Reached XP level 8. HP: 54/54 MP: 8/11
  6981 | D:6      | Reached skill level 1 in Ice Magic
  7059 | D:6      | You pick up a book of Cantrips and begin reading...
  7059 | D:6      | You add the spells Animate Skeleton, Summon Small Mammal
                  | and Apportation to your library.
  7088 | D:6      | Reached skill level 4 in Fighting
  7088 | D:6      | Noticed Edmund
  7113 | D:6      | HP: 11/54 [orc priest/divine providence (9)]
  7121 | D:5      | HP: 11/54 [orc/+0 dagger (1)]
  8017 | D:6      | Learned a level 4 spell: Ice Form
  8119 | D:6      | Reached skill level 3 in Transmutations
  8164 | D:6      | Killed Edmund
  8165 | D:6      | Reached skill level 7 in Unarmed Combat
  8165 | D:6      | Reached skill level 2 in Ice Magic
  8170 | D:6      | HP: 11/54 [gnoll/+0 spear (6)]
  8176 | D:6      | HP: 7/54 [gnoll/+0 spear (5)]
  8662 | D:6      | You pick up a book of Maledictions and begin reading...
  8662 | D:6      | You add the spells Tukima's Dance, Anguish and Enfeeble to
                  | your library.
  8909 | D:7      | Reached * piety under Ashenzari
  8929 | D:7      | Identified the cursed +3 flail "Shackled With Me" {protect,
                  | mace, Alch, Bglg} (You took it off Edmund on level 6 of the
                  | Dungeon)
  8932 | D:7      | Reached skill level 5 in Dodging
  9091 | D:7      | Reached XP level 9. HP: 60/61 MP: 8/12
  9309 | D:7      | Found a staircase to the Ecumenical Temple.
  9322 | D:7      | Reached skill level 5 in Fighting
  9322 | D:7      | Reached skill level 3 in Ice Magic
  9336 | D:7      | Reached skill level 4 in Transmutations
  9435 | Temple   | Entered the Ecumenical Temple
  9750 | D:7      | Reached skill level 8 in Unarmed Combat
 10009 | D:7      | HP: 15/62 [poisoned by a killer bee]
 10662 | D:8      | Noticed Pikel
 10681 | D:8      | Killed Pikel
 10682 | D:8      | Reached skill level 6 in Dodging
 10682 | D:8      | Reached skill level 9 in Unarmed Combat
 10682 | D:8      | Reached skill level 5 in Transmutations
 10682 | D:8      | Reached skill level 4 in Ice Magic
 10682 | D:8      | Reached XP level 10. HP: 65/69 MP: 5/13
 11067 | D:8      | Noticed a centaur warrior
 11193 | D:8      | Reached skill level 6 in Fighting
 11280 | D:8      | Found a staircase to the Lair.
 11526 | D:8      | Found an iron altar of Okawaru.
 12227 | D:9      | Reached ** piety under Ashenzari
 12377 | D:9      | Identified the +8 mace "Nuha" {pain, rF- Will+ rCorr SInv}
 12377 | D:9      | Identified the Collected Works on Ashen Poisoning
 12378 | D:9      | Noticed a death knight
 12378 | D:9      | Noticed a cyclops
 12379 | D:9      | Noticed a centaur warrior
 12379 | D:9      | Noticed a purple ugly thing
 12379 | D:9      | Noticed a cyan ugly thing
 12569 | D:9      | Found a radiant altar of Vehumet.
 12920 | D:10     | Entered Level 10 of the Dungeon
 13209 | D:10     | You pick up a book of the Tundra and begin reading...
 13209 | D:10     | You add the spells Hailstorm and Simulacrum to your
                  | library.
 13228 | D:10     | Noticed a kobold demonologist
 13243 | D:10     | Killed a kobold demonologist
 13417 | D:10     | Noticed a centaur warrior
 13426 | D:10     | Killed a centaur warrior
 13427 | D:10     | Reached skill level 5 in Ice Magic
 13483 | D:10     | Reached skill level 10 in Unarmed Combat
 13532 | D:10     | Reached skill level 7 in Dodging
 13532 | D:10     | Reached skill level 6 in Transmutations
 13767 | Lair:1   | Entered Level 1 of the Lair of Beasts
 13795 | Lair:1   | Reached XP level 11. HP: 77/77 MP: 13/15
 13889 | Lair:1   | Reached skill level 7 in Fighting
 13997 | Lair:1   | Noticed Erica
 14034 | Lair:1   | Killed Erica
 14183 | Lair:1   | Reached skill level 6 in Ice Magic
 14445 | Lair:1   | Noticed a five-headed hydra
 14455 | Lair:1   | Killed a five-headed hydra
 14456 | Lair:1   | Reached skill level 11 in Unarmed Combat
 14894 | Lair:2   | Noticed Urug
 14945 | Lair:2   | Reached *** piety under Ashenzari
 15042 | Lair:2   | Noticed a four-headed hydra
 15049 | Lair:2   | Killed a four-headed hydra
 15181 | Lair:2   | Noticed a four-headed hydra
 15190 | Lair:2   | Killed a four-headed hydra
 15191 | Lair:2   | Reached skill level 7 in Transmutations
 15271 | Lair:2   | Reached skill level 8 in Dodging
 15385 | Lair:3   | Noticed Prince Ribbit
 15404 | Lair:2   | Reached skill level 8 in Fighting
 15456 | Lair:2   | Reached XP level 12. HP: 87/87 MP: 12/16
 15516 | Lair:3   | Killed Prince Ribbit
 15517 | Lair:3   | Reached skill level 12 in Unarmed Combat
 15634 | Lair:3   | Found a staircase to the Shoals.
 15643 | Lair:3   | Noticed a death yak
 15736 | Lair:3   | Noticed a death yak
 15736 | Lair:3   | Noticed a death yak
 15756 | Lair:3   | Killed a death yak
 15758 | Lair:3   | Noticed a death yak
 15759 | Lair:3   | Noticed a death yak
 15764 | Lair:3   | Killed a death yak
 15768 | Lair:3   | Killed a death yak
 15773 | Lair:3   | Killed a death yak
 15774 | Lair:3   | Reached skill level 8 in Transmutations
 15786 | Lair:3   | Killed a death yak
 15891 | Lair:3   | Reached skill level 9 in Dodging
 16017 | Lair:3   | Noticed Fannar
 16051 | Lair:3   | Killed Fannar
 16060 | Lair:3   | Reached skill level 9 in Fighting
 16060 | Lair:3   | Reached skill level 13 in Unarmed Combat
 16389 | Lair:3   | Reached XP level 13. HP: 94/94 MP: 13/17
 16490 | Lair:3   | Found a staircase to the Snake Pit.
 17142 | Lair:4   | Reached skill level 9 in Transmutations
 17300 | Lair:4   | Found the +3 crown of Dyrovepreva {rElec Int+2 SInv}
 17420 | Lair:4   | Reached skill level 7 in Ice Magic
 17430 | Lair:4   | Reached skill level 14 in Unarmed Combat
 17845 | Lair:5   | Reached skill level 10 in Dodging
 18046 | Lair:5   | Reached skill level 10 in Fighting
 18278 | Lair:5   | Noticed Vizrt's ghost (journeyman DjIE)
 18285 | Lair:5   | Found a transporter.
 18289 | Lair:5   | Found a transporter.
 18290 | Lair:5   | Found a bloodstained altar of Trog.
 18411 | Lair:5   | Identified the +6 quarterstaff of the Hand {antimagic,
                  | Str+4 Stlth+}
 18414 | Lair:5   | Found a staircase to the Slime Pits.
 18415 | Lair:5   | Found a viscous altar of Jiyva.
 18428 | Lair:5   | Reached **** piety under Ashenzari
 18453 | Lair:5   | Reached skill level 6 in Stealth
 18477 | Lair:5   | Reached XP level 14. HP: 99/103 MP: 19/19
 18639 | Lair:5   | Noticed Rupert
 18734 | Lair:2   | Killed Urug
 19013 | D:11     | Found a frozen archway.
 19028 | IceCv    | Entered an ice cave
 19289 | IceCv    | Reached skill level 7 in Stealth
 19354 | IceCv    | Reached skill level 10 in Transmutations
 19421 | IceCv    | Reached skill level 15 in Unarmed Combat
 19546 | IceCv    | You add the spells Ozocubu's Armour and Ozocubu's
                  | Refrigeration to your library.
 19555 | IceCv    | Noticed a frost giant
 19595 | IceCv    | Killed a frost giant
 19658 | IceCv    | You pick up a book of Cantrips and begin reading...
 19881 | D:11     | Found a portal to a secret trove of treasure.
 19885 | D:11     | This trove needs 14 scrolls of teleportation to function.
                  | Give it the items?
 19994 | D:11     | Found an ancient bone altar of Kikubaaqudgha.
 20069 | D:11     | Found a staircase to the Orcish Mines.
 20666 | D:11     | Learned a level 3 spell: Ozocubu's Armour
 20684 | Orc:1    | Entered Level 1 of the Orcish Mines
 20686 | Orc:1    | Noticed Harold
 20694 | Orc:1    | Killed Harold
 20695 | Orc:1    | Reached skill level 8 in Stealth
 20788 | Orc:2    | Entered Level 2 of the Orcish Mines
 20793 | Orc:2    | Found a staircase to the Elven Halls.
 20797 | Orc:1    | Noticed Gastronok
 20797 | Orc:1    | Noticed an orc warlord
 20837 | Orc:2    | Reached skill level 11 in Dodging
 20852 | Orc:2    | Reached skill level 1 in Necromancy
 20899 | Orc:2    | Noticed an orc warlord
 20902 | Orc:2    | Noticed Nergalle
 21397 | Orc:2    | Reached skill level 11 in Fighting
 21596 | Orc:2    | Killed an orc warlord
 21597 | Orc:2    | Reached skill level 2 in Necromancy
 21727 | Orc:2    | Found Qiuvel's Book Emporium.
 21899 | Orc:2    | Found Iwuot's General Store.
 21926 | Orc:2    | HP: 31/124 [spectral orc warrior/+1 glaive of
                  | flaming[Nergalle] (10)]
 21929 | Orc:2    | Killed Nergalle
 21930 | Orc:2    | Reached XP level 15. HP: 22/107 MP: 16/20
 21930 | Orc:2    | HP: 14/128 [orc warrior/+0 mace (8)]
 21958 | Orc:2    | HP: 31/130 [orc warrior/+0 mace (5)]
 22088 | Orc:2    | Found Teghikk's Antique Weapon Emporium.
 22098 | Orc:2    | Found Loet's Antique Armour Emporium.
 22114 | Orc:2    | Bought a book of Transfigurations for 400 gold pieces
 22114 | Orc:2    | You pick up a book of Transfigurations and begin reading...
 22114 | Orc:2    | You add the spells Irradiate and Dragon Form to your
                  | library.
 22114 | Orc:2    | Bought a manual of Fighting for 800 gold pieces
 22431 | Orc:2    | HP: 28/132 [orc warrior/+0 mace[an orc knight] (14)]
 22436 | Orc:2    | HP: 10/132 [orc warrior/+0 scimitar[an orc knight] (16)]
 22931 | Orc:2    | Killed an orc warlord
 22932 | Orc:2    | Reached skill level 9 in Stealth
 23028 | Orc:1    | Killed Gastronok
 23029 | Orc:1    | Reached skill level 3 in Necromancy
 23464 | D:12     | Reached skill level 11 in Transmutations
 23472 | D:12     | Learned a level 3 spell: Vampiric Draining
 23764 | D:12     | Reached skill level 16 in Unarmed Combat
 24183 | D:13     | HP: 28/133 [skeletal warrior/+0 dire flail[a skeletal
                  | warrior] (11)]
 24663 | D:13     | Found an opulent altar of Gozag.
 24816 | D:13     | Noticed Snorg
 24828 | D:13     | HP: 27/134 [Snorg (15)]
 24830 | D:13     | HP: 5/134 [Snorg (11)]
 24830 | D:13     | Slain by Snorg

Vanquished Creatures
  Gastronok (Orc:1)
  2 orc warlords (Orc:2)
  A frost giant (IceCv)
  Fannar (Lair:3)
  An ettin (Orc:2)
  Harold (Orc:1)
  2 boulder beetles
  5 hydras
  A catoblepas (Lair:5)
  2 centaur warriors
  2 two-headed ogres
  Erica (Lair:1)
  A tengu warrior (D:12)
  11 death yaks
  Nergalle (Orc:2)
  2 orc high priests (Orc:2)
  Urug (Lair:2)
  4 skeletal warriors
  Pikel (D:8)
  6 orc knights (Orc:2)
  2 manticores (D:12)
  2 cyclopes (D:11)
  3 orc sorcerers
  A merfolk siren (Lair:3)
  A black mamba (Lair:5)
  12 elephants (Lair:5)
  An ice statue (IceCv)
  A gargoyle (D:12)
  9 cane toads
  A torpor snail (Lair:4)
  13 rime drakes
  6 komodo dragons
  5 kobold demonologists
  2 trolls
  3 merfolk (Lair:3)
  15 polar bears
  Prince Ribbit (Lair:3)
  7 blink frogs
  3 dream sheep (Lair:4)
  A wraith (D:13)
  A shadow (D:10)
  2 vampires
  3 wyverns
  37 yaks
  3 basilisks
  Edmund (D:6)
  12 steam dragons
  A warg (Orc:2)
  4 nagas (Lair:3)
  An acid dragon (Lair:3)
  13 water moccasins
  A hornet zombie (D:6)
  34 orc warriors
  2 black bears
  3 ice beasts
  6 ogres
  A sky beast (D:7)
  35 wolves
  9 centaurs
  2 lemures (D:8)
  8 kobold brigands
  18 bullfrogs
  2 scorpions
  A gnoll sergeant (D:9)
  A wyvern zombie (D:3)
  A water moccasin skeleton (D:5)
  8 killer bees (D:7)
  10 wights
  A howler monkey (D:12)
  A bullfrog skeleton (D:3)
  3 hounds
  A jelly (D:4)
  3 centaur skeletons
  A centaur zombie (D:8)
  15 orc priests
  3 gnoll shamans
  12 hell rats
  An iguana (D:4)
  22 orc wizards
  A spriggan simulacrum (D:11)
  2 hound zombies (D:5)
  Robin (D:3)
  21 gnolls
  3 adders
  3 shadow imps
  An ufetubus (D:6)
  2 adder skeletons (D:4)
  A worm (D:5)
  4 dart slugs
  63 orcs
  2 bats
  5 endoplasms
  8 hobgoblins
  4 jackals (D:1)
  47 kobolds
  3 quokkas
  9 ball pythons
  5 frilled lizards
  8 goblins
  9 kobold skeletons (D:11)
  9 kobold zombies (D:11)
  3 rats
633 creatures vanquished.

Vanquished Creatures (others)
  A rime drake (Lair:3)
  A human (D:4)
  A bush (Lair:3)
  39 fungi
  84 plants
126 creatures vanquished.

Grand Total: 759 creatures vanquished

Table legend:
 A = Non-vault XP
 B = Vault XP
 C = Vault XP percentage of total XP
 D = Non-vault monster count
 E = Vault monster count
 F = Vault count percentage of total count
                 A         B        C        D         E       F
            +---------+---------+-------+---------+---------+-------
      Total |   64595 |   40439 |  38.5 |     420 |     212 |  33.5
            +---------+---------+-------+---------+---------+-------
        D:1 |      41 |       0 |   0.0 |      24 |       0 |   0.0
        D:2 |       9 |      17 |  65.4 |       6 |       7 |  53.8
        D:3 |     169 |      35 |  17.2 |      20 |      11 |  35.5
        D:4 |     191 |       0 |   0.0 |      11 |       0 |   0.0
        D:5 |     398 |     439 |  52.4 |      11 |       8 |  42.1
        D:6 |     710 |     173 |  19.6 |      22 |       1 |   4.3
        D:7 |    1650 |       0 |   0.0 |      33 |       0 |   0.0
        D:8 |     989 |    1035 |  51.1 |      18 |       2 |  10.0
        D:9 |     501 |       0 |   0.0 |      10 |       0 |   0.0
       D:10 |    2507 |       0 |   0.0 |      17 |       0 |   0.0
       D:11 |    2410 |     707 |  22.7 |      10 |      53 |  84.1
       D:12 |    6705 |       0 |   0.0 |      20 |       0 |   0.0
       D:13 |    4890 |       0 |   0.0 |      11 |       0 |   0.0
     Lair:1 |    3713 |     828 |  18.2 |      24 |       1 |   4.0
     Lair:2 |    4891 |    1529 |  23.8 |      14 |       4 |  22.2
     Lair:3 |    5998 |    9959 |  62.4 |      22 |      36 |  62.1
     Lair:4 |    7569 |       0 |   0.0 |      35 |       0 |   0.0
     Lair:5 |   10696 |    2215 |  17.2 |      31 |       5 |  13.9
      Orc:1 |    2232 |    2425 |  52.1 |      28 |       2 |   6.7
      Orc:2 |    8326 |    7245 |  46.5 |      53 |      33 |  38.4
      IceCv |       0 |   13832 | 100.0 |       0 |      49 | 100.0
            +---------+---------+-------+---------+---------+-------

Illustrated notes

Table legend:
 A = Kills in this place as a percentage of kills in entire the game.
 B = Kills by you in this place as a percentage of kills by you in the entire game.
 C = Kills by friends in this place as a percentage of kills by friends in the entire game.
 D = Other kills in this place as a percentage of other kills in the entire game.
 E = Experience gained in this place as a percentage of experience gained in the entire game.
 F = Experience gained in this place divided by the number of levels of this place that you have seen.
                   A       B       C       D       E      F
               +-------+-------+-------+-------+-------+----------------------
         Total | 100.0 | 100.0 |   N/A | 100.0 | 100.0 | 4774.3
       Dungeon |  46.7 |  46.8 |   N/A |   0.0 |  22.4 | 1813.5
          Lair |  27.2 |  27.1 |   N/A | 100.0 |  45.1 | 9479.6
  Orcish Mines |  18.4 |  18.4 |   N/A |   0.0 |  19.3 | 10114.0
      Ice Cave |   7.8 |   7.8 |   N/A |   0.0 |  13.2 | 13832.0
               +-------+-------+-------+-------+-------+----------------------

Table legend: (Time is in decaauts)
 A = Elapsed time spent in this place.
 B = Non-inter-level travel time spent in this place.
 C = Inter-level travel time spent in this place.
 D = Time resting spent in this place.
 E = Time spent auto-exploring this place.
 F = Levels seen in this place.
 G = Mean time per level.
                   A        B        C        D        E       F      G
               +--------+--------+--------+--------+--------+-----+--------+
         Total |  24414 |  21710 |   2704 |   7090 |   5137 |  22 | 1109.7 |
       Dungeon |  16066 |  13993 |   2073 |   4836 |   3866 |  13 | 1235.8 |
        Temple |    285 |    285 |      0 |    282 |      0 |   1 |  285.0 |
          Lair |   4876 |   4377 |    499 |    931 |    822 |   5 |  975.2 |
  Orcish Mines |   2431 |   2300 |    131 |    902 |    343 |   2 | 1215.5 |
      Ice Cave |    753 |    753 |      0 |    139 |    106 |   1 |  753.0 |
               +--------+--------+--------+--------+--------+-----+--------+

Top non-repeatable levels by time:
     D:5: 2218 daAuts
     D:8: 1684 daAuts
   Orc:2: 1604 daAuts
     D:3: 1600 daAuts
  Lair:3: 1552 daAuts
     D:1: 1414 daAuts
     D:7: 1297 daAuts
     D:4: 1280 daAuts
     D:6: 1268 daAuts
    D:12: 1201 daAuts
     D:2: 1056 daAuts
  Lair:1: 1035 daAuts
     D:9: 1027 daAuts
    D:10: 848 daAuts
   Orc:1: 827 daAuts
